AoeStats
← Gino6398

Arena

509899785Analyzed
1v1 RM · 2d ago on Sep 28, 2026· 39m 11s· 2 players
Game mode
Random Map
Map size
Tiny (2 player)
Population
200
Speed
Normal
Resources
Standard
Victory
Conquest
Starting age
Dark Age
Ending age
Imperial Age
RankedLock teamsTeams togetherTeam positionsShared explorationLock speedFull tech treeHidden civsTurbo modeCheats
Victory
Defeat
🇨🇳 Britons · China
1069
+17
🇮🇹 Varangians · Italy
1092
-17
小雷同志
10:12 Feudal Age
13:48 Castle Age
12:16 Double-Bit Axe
15:17 Wheelbarrow
18:15 Bow Saw
21:51 Horse Collar
22:39 Hand Cart
22:42 Heavy Plow
27:49 Imperial Age
26:04 Stone Mining
26:12 Treadmill Crane
26:29 Gold Mining
26:58 Scale Mail Armor
27:08 Forging
27:43 Loom
27:24 Pikeman
28:05 Squires
27:50 Arson
28:22 Chain Mail Armor
28:30 Ballistics
29:12 Iron Casting
28:07 Halberdier
29:14 Conscription
30:03 Two-Man Saw
30:08 Gold Shaft Mining
29:49 Padded Archer Armor
29:41 Fletching
30:24 Plate Mail Armor
30:30 Plate Mail Armor
31:57 Blast Furnace
30:59 Padded Archer Armor
30:56 Bodkin Arrow
31:57 Elite Longbowman
34:22 Chemistry
34:38 Warwolf
37:23 Leather Archer Armor
37:10 Bracer
37:23 Masonry
Gino6398
10:07 Feudal Age
13:38 Castle Age
12:37 Double-Bit Axe
13:07 Horse Collar
16:08 Loom
19:04 Wheelbarrow
21:05 Hand Cart
27:04 Imperial Age
25:22 Masonry
25:54 Ballistics
25:45 Fortified Wall
26:02 Bloodlines
25:53 Husbandry
26:22 Scale Barding Armor
26:30 Heavy Plow
27:29 Chain Barding Armor
27:20 Forging
27:18 Vendel Legacy
29:39 Plate Barding Armor
28:55 Fletching
29:31 Town Watch
30:43 Iron Casting
30:33 Conscription
30:25 Cavalier
32:48 Architecture
32:49 Bodkin Arrow
33:55 Blast Furnace
33:50 Gold Mining
34:50 Bracer
34:44 Heavy Scorpion
Connection lost

Rejoining the realm…

Still unreachable

The connection could not be restored.

Session expired

The server has moved on; the page needs a fresh start.